 Dungeon Crawl Stone Soup version 0.29-a0-559-g359e09b9d1 (webtiles) character file.

Game seed: 5313869244558806244

44 Heedrag the Conjurer (level 3, -1/24 HPs)
             Began as a Demonspawn Conjurer on June 9, 2022.
             Succumbed to an adder's poison
             ... on level 2 of the Dungeon.
             The game lasted 00:02:10 (1553 turns).

Heedrag the Conjurer (Demonspawn Conjurer)          Turns: 1553, Time: 00:02:11

Health: -1/24      AC:  3    Str:  5 (7)  XL:     3   Next: 41%
Magic:  0/6        EV: 12    Int: 20 (21) God:
Gold:   41         SH:  0    Dex:  8 (11) Spells: 3/6 levels left

rFire   . . .      SeeInvis .   e - +0 club
rCold   . . .      Faith    .   (no shield)
rNeg    . . .      Spirit   .   a - +0 robe
rPois   .          Reflect  .   g - +0 helmet
rElec   .          Harm     .   (no cloak)
rCorr   .          Rampage  .   (no gloves)
Will    .....                   (no boots)
Stlth   ++........              (no amulet)
HPRegen 0.08/turn               (no ring)
MPRegen 0.10/turn               (no ring)

@: mighty, lethally poisoned (-1 -> -9)
A: hooves 1
a: no special abilities


You were on level 2 of the Dungeon.
You visited 1 branch of the dungeon, and saw 2 of its levels.

You collected 41 gold pieces.

Inventory:

Hand Weapons
 e - a +0 club (weapon)
   (You took it off a goblin on level 1 of the Dungeon)
Armour
 a - a +0 robe (worn)
 g - a +0 helmet (worn)
   (You found it on level 1 of the Dungeon)
Scrolls
 f - a scroll of fear {unknown}
 h - a scroll of summoning {unknown}
Potions
 b - a potion of magic
 c - a potion of might


   Skills:
 - Level 2.0 Dodging
 + Level 2.3 Stealth
 + Level 2.4 Spellcasting
 * Level 4.6 Conjurations


You had 3 spell levels left.
You knew the following spells:

 Your Spells              Type           Power      Damage    Failure   Level
a - Magic Dart            Conj           80%        1d7       2%          1
s - Searing Ray           Conj           40%        2d5       3%          2

Your spell library contained the following spells:

 Spells                   Type           Power      Damage    Failure   Level
 Dazzling Flash           Conj/Hex       22%        N/A       17%         3
 Ozocubu's Armour         Ice            2%         N/A       41%         3
 Fulminant Prism          Conj/Hex       5%         3d7       50%         4
 Iskenderun's Mystic Bla  Conj/Tloc      11%        2d4       50%         4
 Ozocubu's Refrigeration  Ice            1%         4d5       100%        7


Dungeon Overview and Level Annotations

Branches:
Dungeon (2/15)

Altars:
Trog

Annotations:
D:2 1 runed translucent door, Crazy Yiuf


Innate Abilities, Weirdness & Mutations

You have large cloven feet.


Message History

You kill the jackal!
The searing ray misses the adder.
Without enough magic to sustain it, your searing ray dissipates.
The adder bites you.
You don't have enough magic to cast this spell.
Unknown command.
The magic dart hits the adder.
The adder barely misses you.
You miss the adder. You kick the adder. The adder closely misses you.
The adder barely misses you.
Unknown command.
You closely miss the adder. You kick the adder. The adder bites you.
The adder barely misses you.
Unknown command.
You hit the adder but do no damage. Your kick misses the adder.
The adder bites you but does no damage.
Unknown command.
You barely miss the adder. The adder barely misses you. The adder bites you.
Unknown command.
Unknown command.
You hit the adder. The adder bites you.
* * * LOW HITPOINT WARNING * * *
The adder barely misses you.
You barely miss the adder. The adder bites you.
* * * LOW HITPOINT WARNING * * *
You are poisoned.
The adder poisons you!
Unknown command.
You miss the adder. Your kick misses the adder.
* * * LOW HITPOINT WARNING * * *
You feel very sick. The adder misses you. The adder closely misses you.
Aim: an adder (severely wounded, 100% to hit)
The magic dart hits the adder.
* * * LOW HITPOINT WARNING * * *
You feel sick. The adder barely misses you.
Okay, then.
You hit the adder. Your kick misses the adder.
* * * LOW HITPOINT WARNING * * *
You feel sick. The adder bites you.
* * * LOW HITPOINT WARNING * * *
You are more poisoned.
The adder poisons you! The adder misses you.
It was a potion of might.
You feel very mighty all of a sudden.
* * * LOW HITPOINT WARNING * * *
You feel sick. The adder misses you.
It was a potion of degeneration.
There was something very wrong with that liquid.
You feel weakened.
You feel dopey.
You feel clumsy.
You die...

.....>...# .........+
.....# ....†....#
#....# #....)..##
#..... ##.....##
#.##<# ###...##
#.##.# # ##'## #.##.#
# #.# #####.##S#
####†# #....._#@#
.....## #.###..#.##.#
##...)###.###.......#
#.....##........####
#..†.###......###
##...## #......#
##..#####.....##
...........(.##
....##########


You could see an adder.

Vanquished Creatures
  An adder (D:2)
  A dart slug (D:1)
  3 bats
  A giant cockroach (D:2)
  6 goblins
  2 hobgoblins (D:2)
  3 jackals (D:2)
  5 quokkas (D:1)
  A ball python (D:1)
  3 kobolds
  5 rats
31 creatures vanquished.

Notes
Turn   | Place    | Note
-------+----------+-------------------------------------------
     0 | D:1      | Heedrag the Demonspawn Conjurer began the quest for the
                  | Orb.
     0 | D:1      | Reached XP level 1. HP: 13/13 MP: 3/3
   406 | D:1      | Gained mutation: You have large cloven feet. [demonic
                  | ancestry]
   406 | D:1      | Reached XP level 2. HP: 19/19 MP: 3/5
   507 | D:1      | Learned a level 2 spell: Searing Ray
  1099 | D:2      | Found a runed translucent door.
  1100 | D:2      | Noticed Crazy Yiuf
  1180 | D:2      | Found a bloodstained altar of Trog.
  1319 | D:2      | Reached XP level 3. HP: 19/24 MP: 1/6
  1519 | D:2      | Found a faded altar of an unknown god.
  1552 | D:2      | HP: 1/24 [poisoned by an adder]
  1553 | D:2      | Succumbed to an adder's poison

Illustrated notes

Levels and vault maps discovered:
D:1:      minmay_arrival_up_and_down, layout_loops_ring
D:2:      layout_loops_corners, basic_ecumenical_altar, basic_altar,
          uniq_crazy_yiuf_cottage

Skill      XL: |  1  2 |
---------------+-------+-----
Stealth        | 2 |  2.3
Dodging        | 2 |  2.0
Spellcasting   | |  2.4
Conjurations   | |  4.6

Action                   || total
-------------------------++-------
Melee: Club              ||    22
       Unarmed           ||     1
       Kick              ||     3
 Cast: Magic Dart        ||    61
       Searing Ray       ||     1
  Use: Potion            ||     2
Armor: Robe              ||     7
Dodge: Dodged            ||    29

Table legend: (Time is in decaauts)
 A = Elapsed time spent in this place.
 B = Non-inter-level travel time spent in this place.
 C = Inter-level travel time spent in this place.
 D = Time resting spent in this place.
 E = Time spent auto-exploring this place.
 F = Levels seen in this place.
 G = Mean time per level.
                   A        B        C        D        E       F      G
               +--------+--------+--------+--------+--------+-----+--------+
         Total |   1558 |   1535 |     23 |    135 |   1212 |   2 |  779.0 |
       Dungeon |   1558 |   1535 |     23 |    135 |   1212 |   2 |  779.0 |
               +--------+--------+--------+--------+--------+-----+--------+

Top non-repeatable levels by time:
     D:1: 1077 daAuts
     D:2: 481 daAuts
